Cogmind - Beta 16 @@@ ROGUE MODE // 2025.12.08 @ 03:53:00 Player: Scringis Result: Destroyed by G-34 Mercenary with Small Laser Performance ------------- Evolutions (1) 500 Regions Visited (2) 400 Robots Destroyed (23) 115 Value Destroyed (649) 649 Prototype IDs (0) 0 Alien Tech Used (0) 0 Bonus (0) 0 TOTAL SCORE: 1664 Bonus ------- None Cogmind --------- Core Integrity 0/400 Matter 140/300 Energy 100/100 System Corruption 5% Temperature Cool (15) Movement Core (700) Ox13 Location -9/Materials Parts ------- > --- POWER (1) -------- (None) > --- PROPULSION (2) --- (None) > --- UTILITY (3) ------ High-capacity Storage Unit > --- WEAPON (3) ------- Flail > --- INVENTORY (20) --- Medium Storage Unit Grenade Launcher Grenade Launcher Peak State ------------ > --- POWER ------------ Ion Engine > --- PROPULSION ------- Light Treads Compact Wheel > --- UTILITY ---------- High-capacity Storage Unit > --- WEAPON ----------- Assault Rifle Light Assault Rifle Heavy Assault Rifle > --- INVENTORY -------- Medium Storage Unit EM Pulse Gun Beam Rifle Light Assault Rifle Grenade Launcher Hammer [Rating: 8] Favorites ----------- Power Light Ion Engine Engine Light Ion Engine Propulsion Light Treads Treads Light Treads Wheel Wheel Utility High-capacity Storage Unit Storage High-capacity Storage Unit Weapon Light Assault Rifle Energy Gun EM Pulse Gun Ballistic Gun Light Assault Rifle Launcher Grenade Launcher Impact Weapon Flail Build | -11 -10 -9 ------- Run | Yrd Mat Mat Slots Evolved 2 | . . 2 Power . | . . . Propulsion . | . . . Utility 1 | . . 1 Weapon 1 | . . 1 Parts Attached 18 | 5 6 7 Power 2 | 1 . 1 Engine 2 | 1 . 1 Core . | . . . Reactor . | . . . Propulsion 4 | 2 2 . Treads 2 | 1 1 . Leg . | . . . Wheel 2 | 1 1 . Hover . | . . . Flight . | . . . Utility 3 | 1 2 . Device . | . . . Storage 3 | 1 2 . Processor . | . . . Hackware . | . . . Protection . | . . . Artifact . | . . . Weapon 9 | 1 2 6 Energy Gun 2 | . . 2 Energy Cannon . | . . . Ballistic Gun 4 | 1 2 1 Ballistic Cannon . | . . . Launcher 2 | . . 2 Special Weapon . | . . . Impact Weapon 1 | . . 1 Slashing Weapon . | . . . Piercing Weapon . | . . . Special Melee Weapon . | . . . Unidentified Prototypes . | . . . Parts Lost 12 | . 1 11 Power 2 | . . 2 Propulsion 4 | . 1 3 Utility . | . . . Weapon 6 | . . 6 Highest Loss Streak 7 | . 1 7 To Critical Strikes 1 | . . 1 Average Backups 5 | 2 4 6 Power . | . 1 . Propulsion 1 | 1 1 . Utility . | . . 1 Weapon 2 | . 1 4 Tool/Special . | . . . Unused Backups 3 | 2 . 1 Power . | . . . Propulsion . | . . . Utility . | . . . Weapon 3 | 2 . 1 Tool/Special . | . . . Average Slot Usage (%) 74 | . 79 68 Engine 12 | . 14 10 Treads 13 | . 15 10 Wheel 9 | . 10 9 Storage 12 | . 14 11 Ballistic Gun 24 | . 23 26 Peak Build Rating 8 | 5 6 8 Average Rating 6 | 3 5 6 On Entrance 3 | . 5 6 Avg Prop Armor Cover (%) 12 | 16 14 11 Naked Turns . | . . . Heaviest Build 53 | 9 46 53 Greatest Support 40 | 20 40 20 Greatest Overweight (x) 15 | . 4 15 Average Overweight (x) 1 | . 1 3 Largest Inventory Capacity 20 | 8 20 20 Average Capacity 15 | 6 12 20 Most Carried 9 | 5 7 9 Average Carried 5 | 1 4 6 Final Capacity 20 | 8 20 20 Final Carried 6 | 3 6 3 Class Distribution -------------------- 75% | Mutant 24% | Gunner Dominant Class ---------------- Mutant | -10/Materials Gunner | -9/Materials Resources | -11 -10 -9 ----------- Run | Yrd Mat Mat Matter Collected 532 | 226 200 106 Remotely . | . . . Salvage Created 721 | . 291 430 Parts 45 | . 16 29 Haulers Intercepted . | . . . Recyclers Shooed 2 | . 1 1 Parts Field Recycled . | . . . Retrieved Matter . | . . . Parts Self-Destructed . | . . . Prevented . | . . . Parts Restored . | . . . Kills | -11 -10 -9 ------- Run | Yrd Mat Mat Combat Hostiles Destroyed 23 | . 9 14 Guns 19 | . 9 10 AOE 3 | . . 3 Classes Destroyed 4 | . 2 2 Swarmer 9 | . 3 6 Grunt 9 | . 6 3 Brawler 2 | . . 2 Sentry 3 | . . 3 Best Kill Streak 5 | . 2 5 Combat Bots Only 5 | . 2 5 Max Kills in Single Turn 2 | . 1 2 Gunslinging . | . . . Exploded 2 | . . 2 Melee . | . . . Uniques/NPCs Destroyed . | . . . Combat | -11 -10 -9 -------- Run | Yrd Mat Mat Hostile Shots Fired 176 | . 57 119 Missed 45 | . 15 30 Hits 131 | . 42 89 Melee 8 | . . 8 Projectile 123 | . 42 81 Critical Strikes 7 | . 1 6 Damage Taken 1686 | . 427 1259 Core 484 | . 84 400 Absorbed by Shields . | . . . Core Remaining (%) 83 | 100 66 . Volleys Fired 80 | . 46 34 Largest 3 | . 2 3 Hottest 99 | . 40 99 Shots Fired 158 | . 68 90 Gun 152 | . 68 84 Cannon . | . . . Launcher 6 | . . 6 Special . | . . . Kinetic 138 | . 68 70 Thermal 5 | . . 5 Explosive 6 | . . 6 Electromagnetic 9 | . . 9 Robot Hit Streak 26 | . 14 26 Robot Miss Streak 5 | . 2 5 Penetration Max . | . . . Secondary Targets 1 | . . 1 Max Gunslinging Chain 1 | . . 1 Shots Hit Robots 105 | . 40 65 Core Hits 49 | . 19 30 Critical Kills 1 | . 1 . Critical Parts Destroyed 1 | . 1 . Critical Strikes 5 | . 2 3 Destroy 2 | . 2 . Corrupt 1 | . . 1 Smash 2 | . . 2 Melee Attacks 4 | . . 4 Impact 4 | . . 4 Slashing . | . . . Piercing . | . . . Sneak Attacks . | . . . Combat Hostiles . | . . . Follow-up Attacks . | . . . Damage Inflicted 1430 | . 415 1015 Guns 1111 | . 414 697 Cannons . | . . . Explosions 221 | . . 221 Melee 97 | . . 97 Ramming 1 | . 1 . Kinetic 928 | . 414 514 Thermal 59 | . . 59 Explosive 221 | . . 221 Electromagnetic 124 | . . 124 Impact 97 | . . 97 Slashing . | . . . Piercing . | . . . Highest Corruption 5 | . . 5 Average Corruption 4 | . . 4 Corruption Purged . | . . . Corruption Blocked . | . . . Effects 1 | . . 1 Misfires 1 | . . 1 Overload Shots . | . . . Overflow Damage . | . . . Projectiles . | . . . Explosions . | . . . Melee . | . . . Knockbacks 1 | . 1 . Impact 1 | . 1 . Kinetic . | . . . Secondary . | . . . Self-Inflicted Damage . | . . . Shots . | . . . Rammed 1 | . 1 . Targets Rammed 1 | . 1 . Kicked . | . . . Crushed . | . . . Highest Temperature 201 | . 18 201 Average Temperature 51 | . 10 62 Received Heat Transfer 594 | . 165 429 Siege Activations . | . . . Martial Activations . | . . . Shielding Activations . | . . . Robots Disrupted 1 | . . 1 Combat Hostiles . | . . . Robots Corrupted 1 | . . 1 Combat Hostiles 1 | . . 1 Parts Fried 2 | . . 2 Impact Corruptions 1 | . . 1 Robots Melted . | . . . Combat Hostiles . | . . . Parts Melted . | . . . Heat Transferred 148 | . . 148 Parts Sabotaged . | . . . Parts Stolen . | . . . Parts Stripped . | . . . Power Chain Reactions . | . . . Alert | -11 -10 -9 ------- Run | Yrd Mat Mat Maximum Alert Level 1 | . . 1 Low Security (%) 93 | 100 100 86 Level 1 6 | . . 13 Level 2 . | . . . Level 3 . | . . . Level 4 . | . . . Level 5 . | . . . High Security . | . . . Max Security . | . . . Peak Influence 263 | . 90 263 Initial 17 | . . 17 Average 55 | . 37 80 Influence Increases 790 | . 275 515 Destroy 0b10 Robot/C 460 | . 180 280 Destroy Leader 110 | . 40 70 Successful Hack 27 | . 10 17 Disable Machine 30 | . . 30 Destroy Structure 28 | . . 28 Lose Combat Pursuer 135 | . 45 90 Influence Decreases 546 | . 233 313 Entered New Map 25 | . . 25 Time Decay 421 | . 223 198 Lost Part 100 | . 10 90 Squads Dispatched 3 | . 3 . Investigation 2 | . 2 . Extermination . | . . . Reinforcement 1 | . 1 . Assault . | . . . Garrison . | . . . Intercept . | . . . Searches Triggered . | . . . Construction Impeded . | . . . Haulers Reinforced . | . . . Active Scanning Responses . | . . . Cargo Convoy Interrupts . | . . . Stealth | -11 -10 -9 --------- Run | Yrd Mat Mat Distress Signals 2 | . 1 1 Communications Jammed . | . . . Distress Signals . | . . . Times Spotted 39 | . 15 24 Peak Tracking Total 10 | . 3 10 Tactical Retreats 8 | . 3 5 Traps | -11 -10 -9 ------- Run | Yrd Mat Mat Traps Triggered 2 | . 2 . Indirectly . | . . . Trap Hack Attempts . | . . . Triggered . | . . . Disarmed . | . . . Reprogrammed . | . . . Reused . | . . . Traps Extracted . | . . . Installed . | . . . Triggered . | . . . Machines | -11 -10 -9 ---------- Run | Yrd Mat Mat Machines Disabled 2 | . . 2 Max in Single Turn 1 | . . 1 Machines Repaired . | . . . Machines Dismantled . | . . . Machines Sabotaged . | . . . Overloaded Fab Kills . | . . . Hacking | -11 -10 -9 --------- Run | Yrd Mat Mat Machines Accessed 12 | . 7 5 Terminals 11 | . 7 4 Fabricators . | . . . Repair Stations . | . . . Recycling Units . | . . . Scanalyzers 1 | . . 1 Garrison Access . | . . . Total Hacks 34 | . 23 11 Successful 19 | . 10 9 Failed 15 | . 13 2 Catastrophic 1 | . 1 . Database Lockouts . | . . . Manual 31 | . 23 8 Terminals 31 | . 23 8 Fabricators . | . . . Repair Stations . | . . . Recycling Units . | . . . Scanalyzers 3 | . . 3 Garrison Access . | . . . Terminal Hacks 7 | . 5 2 Robot Analysis 2 | . 2 . Terminal Index 2 | . 1 1 Recall Investigation 1 | . 1 . Hauler Manifests 1 | . 1 . Registered Components 1 | . . 1 Fabricator Hacks . | . . . Repair Station Hacks . | . . . Recycling Unit Hacks . | . . . Scanalyzer 3 | . . 3 Retrieve Study 3 | . . 3 Garrison Access Hacks . | . . . Unauthorized Hacks 9 | . 5 4 Terminals 9 | . 5 4 Botnet 9 | . 5 4 Fabricators . | . . . Repair Stations . | . . . Recycling Units . | . . . Scanalyzers . | . . . Garrison Access . | . . . Data Cores Recovered . | . . . Used . | . . . Hacking Detections 8 | . 5 3 Full Trace Events . | . . . Feedback Events . | . . . Feedback Blocked . | . . . Robot Schematics Acquired . | . . . Robots Built . | . . . Authchips . | . . . Time . | . . . Total Robot Build Rating . | . . . Part Schematics Acquired . | . . . Parts Built . | . . . Authchips . | . . . Time . | . . . Total Part Build Rating . | . . . Part Studies Acquired 3 | . . 3 Parts Repaired . | . . . Time . | . . . Parts Recycled . | . . . Recycled Matter . | . . . Retrieved Matter . | . . . Retrieved Components . | . . . Parts Scanalyzed . | . . . Part Schematics Acquired . | . . . Parts Damaged . | . . . Bothacking | -11 -10 -9 ------------ Run | Yrd Mat Mat Used RIF Installer . | . . . Robots Hacked . | . . . Non-combat . | . . . Combat . | . . . Robot Hacks Applied . | . . . Relay Couplers Released . | . . . Fabnet Peak Effective % . | . . . Robots Rewired . | . . . Allies Hacked . | . . . Hacks Repelled . | . . . Allies | -11 -10 -9 -------- Run | Yrd Mat Mat Total Allies . | . . . Largest Group . | . . . Highest-Rated Group . | . . . Highest-Rated Ally . | . . . Total Orders . | . . . Ally Attacks . | . . . Total Damage . | . . . Kills . | . . . Allies Corrupted . | . . . Allies Melted . | . . . Intel | -11 -10 -9 ------- Run | Yrd Mat Mat Active Infowar (turns) . | . . . Robot Analysis Total 2 | . 2 . Derelict Logs Recovered . | . . . Drone Launches . | . . . Drone Recoveries . | . . . Exploration | -11 -10 -9 ------------- Run | Yrd Mat Mat Turns Passed 1255 | 57 604 594 Spaces Moved 681 | 46 383 252 Core 15 | 12 . 3 Treads 63 | 10 52 1 Legs . | . . . Wheels 603 | 24 331 248 Hover . | . . . Flight . | . . . Fastest Speed 50 | 50 80 130 Average Speed 123 | 89 112 146 Slowest Speed 800 | 160 160 800 Overloaded Moves . | . . . Propulsion Burnouts . | . . . Robots Hopped . | . . . Potential Cave-ins . | . . . Cave-ins Triggered . | . . . Exploration Rate (%) 33 | 4 66 30 Regions Visited 2 Branch Regions . Pre-discovered Areas . | . . . Known Exits Taken . | . . . Unknown Exits Taken 2 | 1 1 . Scrap Searched . | . . . Spaces Dug . | . . . Terrain Destroyed 31 | . . 31 Melee . | . . . Projectile . | . . . AOE 31 | . . 31 Terrain Rammed . | . . . Walls Destroyed . | . . . Machines Disabled . | . . . Actions | -11 -10 -9 --------- Run | Yrd Mat Mat Total 965 | 62 494 409 Wait 150 | . 50 100 Move 679 | 45 382 252 Hop . | . . . Pick Up 21 | 10 6 5 Fast Attach . | . . . Attach 16 | 5 2 9 Detach 2 | . . 2 Swap 8 | . 6 2 Drop 4 | 2 1 1 Fire 80 | . 46 34 Melee 4 | . . 4 Ram . | . . . Kick . | . . . Crush 1 | . 1 . Escape Stasis . | . . . Rewire . | . . . Trap . | . . . Miscellaneous . | . . . Route ------- -11/Scrapyard -10/Materials (discovered 3 exits: *Mat x2 / [*Min]) -9/Materials History --------- Turn | Location | Event 5 | -11/Scrapyard | Discovered new exit (range 15) 58 | -11/Scrapyard | Entered Materials 106 | -10/Materials | Discovered new exit (range 16) 146 | -10/Materials | Discovered new exit (range 16) 298 | -10/Materials | Discovered new exit (range 10) 317 | -10/Materials | Build established: Mutant 662 | -10/Materials | Entered another Materials area 662 | -9/Materials | Evolved 2 slots: Utility x1, Weapon x1 1236 | -9/Materials | Core integrity fell below 50% 1246 | -9/Materials | Core integrity fell below 20% 1256 | -9/Materials | Destroyed by G-34 Mercenary with Small Laser Last Messages --------------- 01236_ Critical hit (Burn: +37). 01236_ K-01 Serf collects debris. 01238_ Lgt. Assault Rifle destroyed. 01239_ R-06 Scavenger collects Lgt. Treads. 01239_ K-01 Serf collects debris. 01242_ Y-45 Defender suffers critical hit (Smash). 01242_ R-06 Scavenger collects Aluminum Leg. 01246_ R-06 Scavenger collects Lgt. Treads. 01247_ Y-45 Defender suffers critical hit (Smash). 01249_ Destroyed Lgt. Armor Plating. 01249_ Y-45 Defender system corrupted by crushing effect. 01250_ Y-45 Defender system terminally corrupted. 01250_ Heat Sink fried. 01251_ R-06 Scavenger collects Corrupted Imp. Ion Engine. 01252_ K-01 Serf collects debris. Map ----- +----------------------------------------------------+ | ???????????????????# ########### T *+ "" #??? | | ???????????????????# #?????????# *#=S"" /#??? | | ???????????????????# #?????????# # "" #??? | | ???????????????!???# #?????????### ### #??? | | ???????????????????# #???????????# # ########??? | | ???????????????????# #????????#### # #######? | | ???????????????????+ +????????# # # #? | | ???????????????????# #????????# # # #? | | ????????????????#### ############# ## """"" #? | | ??????????????? % # """"" #? | | ??????????????? +! """"" #? | | ??????????????? # " """"" #? | | ???????????????????######+##### #### ## """"""" #? | | ??????????????????????????????# #### ## #? | | ??????????????????????????????# #### ############? | | ??????????????????????????????# ## # #??? | | ??????????????????????????????# ## " # "" #??? | | ??????????????????????????????# ## "T + "T #??? | | ??????????????????????????????# ## # "" #??? | | ??????????????????????????????# ## # #??? | | ??????????????????????????????# ### ## #??? | | ??????????????????????????????# #?# #####+###??? | | ??????????????????????????????# #?# #????? | | ??????????????????????????????# #?# ##### #????? | | ???????????????????????########+### #???# #????? | | ???????????????????????#%@kg ###+######+##???? | | ???????????????????????# kg # #???? | | ???????????????????????# " " """ # /! #???? | | ????????? ########### " """ # [ #???? | | ????????? #r% " """ # #???? | | ???????? #r " """ # #???? | | ???????????? #%""" """ + #???? | | ???????????????????# +% # #???? | | ???????????????????# #######################???? | | ???????????????????# #?????????????????????????? | | ???????????????????# #?????????????????????????? | | ???????????????????# #?????????????????????????? | | ???????????????????# #?????????????????????????? | | ???????????????????# #?????????????????????????? | | ???????????????????+ #?????????????????????????? | | ???????????????????# #?????????????????????????? | | ???????????????????# #?????????????????????????? | | ???????????????????# ??????????????????????????? | | ??????????????????? ??????????????????????????? | | ??????????????????? ??????????????????????????? | | ??????????????????? ??????????????????????????? | | ??!???????????????? ??????????????????????????? | | ??????????????????# ??????????????????????????? | | ????????????????????#/#??????????????????????????? | | ?????????????????????????????????????????????????? | +----------------------------------------------------+ Best States ------------- Heat Dissipation 28 Energy Generation 10 Energy Capacity 250 Matter Stores 300 Matter Capacity 300 Sight Range 16 Terrain Scan Density 10 Evasion (%) 50 Recoil Reduction 2 Item Schematics ----------------- None Robot Schematics ------------------ None Fabricated ------------ Nothing Repaired ---------- Nothing Studied --------- Com. Wheel | -9/Materials | Hacked Assault Rifle | -9/Materials | Hacked Hvy. Assault Rifle | -9/Materials | Hacked Alien Tech Used ----------------- None Achievements -------------- None Challenges ------------ None Game ------ Seed VortexRemoteAutocannon Manual? 0 Play Time 00:12:59 Cumulative 67.8 hours Start 2025.12.08 @ 03:44:03 End 2025.12.08 @ 03:53:00 Sessions 1 Manual Loads 0 Difficulty Rogue Special Mode None Game No. 173 Rogue 173 Adventurer 0 Explorer 0 Win Type - Total 0 Types 0/0/0/0/0/0/0/0/0/0 Lore% 33 Gallery% 36 Achievement% 29 Wizard Run 0 Options --------- Layout 1 ASCII 0 Keyboard 0 Movement Numpad Keybinds 0 Fullscreen 2 Font 24/Smallcaps Map View 50x35 Zoom Use 0% Tactical HUD 1 Map Filters NONE Filters NONE Steam 1 RUN: 5051f3a9-1f2d-4b99-9482-9eaf5a0e87c1